 Dungeon Crawl Stone Soup version 0.22.1-1-ga44c0e56f4 (webtiles) character file.

567 Ivernyr the Sneak (level 7, 0/62 HPs)
             Began as a Naga Wizard on Oct 16, 2018.
             Slain by a gnoll
             ... wielding a +0 spear
              (11 damage)
             ... on level 4 of the Dungeon.
             The game lasted 00:33:35 (5973 turns).

Ivernyr the Sneak (Naga Wizard)                     Turns: 5973, Time: 00:33:36

Health: 0/62       AC:  6    Str:  9    XL:     7   Next: 33%
Magic:  1/15       EV:  9    Int: 20    God:
Gold:   171        SH:  0    Dex: 10    Spells: 7/16 levels left

rFire    . . .     SeeInvis +   o - +0 spear
rCold    . . .     Gourm    +   (no shield)
rNeg     . . .     Faith    .   a - +0 robe
rPois    +         Spirit   .   w - +2 helmet
rElec    .         Reflect  .   (no cloak)
rCorr    .         Harm     .   (no gloves)
MR       .....                  (no barding)
Stlth    +++.......             y - amulet of the gourmand
HPRegen  0.20/turn              (no ring)
MPRegen  0.14/turn              (no ring)

@: very slightly contaminated, drained, very slow
A: large, see invisible, deformed body, poison resistance, slowness 2, slow
metabolism 1, spit poison 1, AC +2
a: Spit Poison


You were on level 4 of the Dungeon.
You were not hungry.

You visited 2 branches of the dungeon, and saw 5 of its levels.
You also visited: Sewer.

You collected 171 gold pieces.

Inventory:

Hand Weapons
 o - a +0 spear (weapon)
Armour
 a - a +0 robe (worn)
 b - a +0 hat
 w - a +2 helmet (worn)
Jewellery
 y - an amulet of the gourmand (around neck)
Scrolls
 f - a scroll of amnesia {unknown}
 i - 2 scrolls of remove curse {unknown}
 j - 2 scrolls of blinking {unknown}
 l - 7 scrolls of teleportation {unknown}
 m - 4 scrolls of fog {unknown}
 p - a scroll of identify {unknown}
 t - a scroll of noise {unknown}
 x - a scroll of magic mapping {unknown}
Potions
 c - a potion of berserk rage {unknown}
 e - a potion of curing {unknown}
 g - a potion of lignification {unknown}
 h - 2 potions of heal wounds {unknown}
 k - 2 potions of agility {unknown}
 n - 4 potions of magic {unknown}
 q - a potion of might {unknown}
 s - a potion of brilliance {unknown}
 u - a potion of cancellation {unknown}
 v - a potion of ambrosia {unknown}
Comestibles
 d - 8 rations


   Skills:
 + Level 3.0(2.2) Fighting
 - Level 1.5(0.7) Dodging
 + Level 6.0(5.0) Stealth
 * Level 5.3(4.4) Spellcasting
 + Level 3.3(2.5) Conjurations
   Level 1.0(0.1) Summonings
 - Level 1.0(0.1) Translocations


You had 7 spell levels left.
You knew the following spells:

 Your Spells              Type           Power        Failure   Level  Hunger
a - Magic Dart            Conj           ##..         4%          1    None
b - Blink                 Tloc           N/A          17%         2    #......
c - Conjure Flame         Conj/Fire      #.......     22%         3    ###....
d - Mephitic Cloud        Conj/Pois/Air  #.......     26%         3    ###....

Your spell library contained the following spells:

 Spells                   Type           Power        Failure   Level  Hunger
 Call Imp                 Summ           #.......     17%         2    #......
 Slow                     Hex            #.......     19%         2    #......


Dungeon Overview and Level Annotations

Branches:
Dungeon (4/15)             Temple (1/1) D:4

Altars:
Ashenzari
Dithmenos
Fedhas
Gozag
Makhleb
Nemelex Xobeh
Qazlal
Sif Muna
Trog
Xom
Zin

Shops:
D:4 *


Innate Abilities, Weirdness & Mutations

You cannot wear boots.
Your serpentine skin is tough. (AC +2)
You have supernaturally acute eyesight. (SInv)
Armour fits poorly on your strangely shaped body.
Your system is resistant to poisons. (rPois)
You cover ground very slowly.
You have a slow metabolism.
You can spit poison.


Message History

A gnoll comes into view. It is wielding a spear.
You hit the gnoll.
The gnoll is heavily wounded.
The gnoll completely misses you.
Unknown command.
Casting: Mephitic Cloud (safe; 26% risk of failure)
Confirm with . or Enter, or press ? or * to list all spells.
Aiming: Mephitic Cloud (safe; 26% risk of failure)
Press: ? - help, Shift-Dir - straight line The ball explodes into a vile cloud!
The stinking cloud engulfs the gnoll.
The stinking cloud engulfs the orc.
The orc is lightly wounded.
The stinking cloud engulfs the gnoll.
The gnoll is heavily wounded.
The stinking cloud engulfs the gnoll.
The gnoll is engulfed in noxious fumes.
The gnoll appears confused.
The gnoll is engulfed in noxious fumes.
The gnoll appears confused.
The orc is engulfed in noxious fumes.
The orc appears confused.
The gnoll is engulfed in noxious fumes.
The gnoll hits you from afar with a spear!
You die...

###.####### .........###
#.........# ..............
+.........# ........o..#.##
##.........###### ...........#..#
#.....######..... ...........#..#
#.....# #..... .....
#....#..###.....# #.....
....)##....#.og##.....######.....
.............§g§@.........)'...(>
...........#w#g##.....######.....
...........#.#..#####.# #.....
........####....# #.###########
........# #..... #.##......#
#####...# #.....# #.##......###
#...# #.....# ##.##....∩.∩..
....# #.....# #.............
...### .. #.......#∩.∩..


You could see a worm, 3 gnolls and an orc (confused).

Vanquished Creatures
  2 phantoms (D:4)
  An ogre (D:4)
  A crimson imp (D:3)
  An orc wizard (D:4)
  A bullfrog skeleton (D:3)
  An iguana (D:4)
  Jessica (D:2)
  A centaur skeleton (D:4)
  A hound skeleton (D:4)
  2 gnolls (D:4)
  2 adders
  An ooze (D:1)
  3 worms
  A dart slug (D:1)
  6 leopard geckos
  6 orcs
  4 ball pythons
  9 giant cockroaches
  12 goblins
  5 hobgoblins
  7 jackals
  13 kobolds
  A quokka (D:2)
  8 bats
  10 frilled lizards
  A jackal skeleton (D:4)
  A leopard gecko skeleton (D:4)
  4 rats
106 creatures vanquished.

Notes
Turn   | Place    | Note
-------+----------+-------------------------------------------
     0 | D:1      | Ivernyr the Naga Wizard began the quest for the Orb.
     0 | D:1      | Reached XP level 1. HP: 15/15 MP: 4/4
   141 | D:1      | Reached XP level 2. HP: 11/24 MP: 0/6
   452 | D:1      | Learned a level 2 spell: Blink
   784 | D:1      | Reached XP level 3. HP: 30/30 MP: 4/7
   910 | D:1      | Learned a level 3 spell: Conjure Flame
   920 | D:1      | Reached skill level 1 in Fighting
  1862 | D:2      | Learned a level 3 spell: Mephitic Cloud
  2024 | D:2      | Reached skill level 4 in Stealth
  2024 | D:2      | Reached XP level 4. HP: 32/38 MP: 2/9
  2288 | D:2      | Found a faded altar of an unknown god.
  2360 | D:2      | Noticed Jessica
  2364 | D:2      | Killed Jessica
  2655 | D:3      | Reached XP level 5. HP: 45/45 MP: 1/11
  2812 | D:3      | Found a blossoming altar of Fedhas.
  2842 | D:3      | Found a glowing drain.
  2860 | Sewer    | Entered a sewer
  4425 | D:4      | Noticed an ogre
  4435 | D:4      | Reached XP level 6. HP: 52/52 MP: 3/12
  4445 | D:4      | Reached skill level 5 in Stealth
  4647 | D:4      | Found a staircase to the Ecumenical Temple.
  4647 | D:4      | Noticed a phantom
  4693 | Temple   | Entered the Ecumenical Temple
  4953 | D:4      | Killed a phantom
  5088 | D:4      | Found Fuihivan's Assorted Antiques.
  5170 | D:4      | Reached skill level 5 in Spellcasting
  5546 | D:4      | Reached XP level 7. HP: 60/61 MP: 2/14
  5970 | D:4      | Reached skill level 6 in Stealth
  5973 | D:4      | Slain by a gnoll

Skill      XL: |  1  2  3  4  5  6  7 |
---------------+----------------------+-----
Fighting       | 1 2 3 |  3.0
Stealth        | 4 5 6 |  6.0
Conjurations   | 2 3 |  3.3
Spellcasting   | 4 5 |  5.3
Dodging        | |  1.5
Summonings     | |  1.0
Translocations | |  1.0

Action                   |  1- 3 |  4- 6 |  7- 9 || total
-------------------------+-------+-------+-------++-------
Melee: Unarmed           |    29 |     7 |       ||    36
       Whip              |       |    94 |    17 ||   111
       Spear             |       |       |    24 ||    24
 Cast: Magic Dart        |    92 |   164 |    19 ||   275
       Mephitic Cloud    |       |     9 |     6 ||    15
       Conjure Flame     |       |     1 |       ||     1
       Blink             |       |     1 |       ||     1
 Abil: Spit Poison       |     4 |     2 |       ||     6
 Stab: Confused          |       |     1 |     2 ||     3
       Sleeping          |       |     1 |       ||     1
  Eat: Chunk             |     2 |     9 |       ||    11
       Ration            |       |       |     1 ||     1
Armor: Robe              |     1 |    35 |    14 ||    50
Dodge: Dodged            |    17 |    94 |    28 ||   139
